 Dungeon Crawl Stone Soup version 0.24.0-13-gcf9b3192b9 (webtiles) character file.

Game seed: 5756345461736904789, levelgen mode: classic

22 EnegeticOcto the Digger (level 2, -6/15 HPs)
             Began as a Vine Stalker Earth Elementalist on Nov 9, 2019.
             Mangled by a gnoll
             ... wielding a +0 spear
              (7 damage)
             ... on level 2 of the Dungeon.
             The game lasted 00:01:18 (421 turns).

EnegeticOcto the Digger (VSEE)                       Turns: 421, Time: 00:01:18

Health: -6/15      AC:  2    Str: 10    XL:     2   Next: 91%
Magic:  0/6        EV: 12    Int: 15    God:
Gold:   17         SH:  0    Dex: 14    Spells: 4/5 levels left

rFire    . . .     SeeInvis .   g - +0 short sword
rCold    + . .     Gourm    .   (no shield)
rNeg     . . .     Faith    .   c - +0 robe
rPois    .         Spirit   +   (no helmet)
rElec    .         Reflect  .   (no cloak)
rCorr    .         Harm     .   (no gloves)
MR       .....                  (no boots)
Stlth    ++........             (no amulet)
HPRegen  0.05/turn              h - ring of protection from cold
MPRegen  0.10/turn              (no ring)

@: no status effects
A: fangs 2, magic shield, antimagic bite, no potion heal 3, rot immunity
a: no special abilities


You were on level 2 of the Dungeon.
You were not hungry.

You visited 1 branch of the dungeon, and saw 2 of its levels.

You collected 17 gold pieces.

Inventory:

Hand Weapons
 g - a +0 short sword (weapon)
Missiles
 b - 21 stones (quivered)
Armour
 c - a +0 robe (worn)
Jewellery
 h - a ring of protection from cold (left hand)
Scrolls
 a - a scroll of enchant armour {unknown}
 d - 2 scrolls of amnesia {unknown}
 f - a scroll of identify {unknown}
Comestibles
 e - 3 rations


   Skills:
 + Level 2.2 Fighting
 - Level 1.5 Dodging
 - Level 2.4 Stealth
 - Level 2.1 Spellcasting
   Level 1.0 Transmutations
 - Level 3.0 Earth Magic


You had 4 spell levels left.
You knew the following spells:

 Your Spells              Type           Power        Failure   Level  Hunger
a - Sandblast             Erth           ##....       6%          1    #......

Your spell library contained the following spells:

 Spells                   Type           Power        Failure   Level  Hunger
 Passwall                 Tmut/Erth      #.......     14%         2    ###....
 Stone Arrow              Conj/Erth      #.....       34%         3    ###....
 Petrify                  Tmut/Erth      #.......     67%         4    #####..
 Lee's Rapid Deconstruct  Erth           ##........   87%         5    ######.


Dungeon Overview and Level Annotations

Branches:
Dungeon (2/15)

Altars:


Innate Abilities, Weirdness & Mutations

You have extremely sharp teeth.
When hurt, damage is shared between your health and your magic reserves.
Your bite disrupts and absorbs the magic of your enemies.
Potions cannot restore your health.
You are immune to rotting.


Message History

b - 21 stones (gained 1)
b - 22 stones (gained 1)
b - 24 stones (gained 2)
d - 2 scrolls labeled NALOW RIAQOHAL (gained 1)
You now have 17 gold pieces (gained 3).
You see here a +0 short sword.
You see here a +0 short sword.
g - a +0 short sword
g - a +0 short sword (weapon)
There is a stone staircase leading down here.
You climb downwards.
Found a garnet ring.
There is a stone staircase leading up here.
Found a ring mail.
h - a garnet ring
h - a ring of protection from cold (left hand)
Found a stone staircase leading down.
An adder comes into view.
You see here a ring mail.
The adder hisses angrily.
You hear a shout!
A bat comes into view.
A gnoll comes into view. It is wielding a +0 spear.
A giant cockroach comes into view.
The adder bites you.
Casting: Sandblast (safe; 6% risk of failure)
Confirm with . or Enter, or press ? or * to list all spells.
Aiming: Sandblast (safe; 6% risk of failure)
Press: ? - help, Shift-Dir - straight line, f - adder
Aim: an adder The blast of sand hits the adder.
The adder is heavily wounded.
b - 23 stones A gnoll comes into view. It is wielding a +0 club.
The adder misses you.
You closely miss the adder.
The adder is heavily wounded.
The adder barely misses you.
You barely miss the adder.
The adder is heavily wounded.
The adder bites you. The adder misses you.
Casting: Sandblast (safe; 6% risk of failure)
Confirm with . or Enter, or press ? or * to list all spells.
Aiming: Sandblast (safe; 6% risk of failure)
Press: ? - help, Shift-Dir - straight line, f/p - adder
Aim: an adder (heavily wounded)
The blast of sand hits the adder!
You kill the adder!
Your Fighting skill increases to level 2!
b - 22 stones The bat hits you but does no damage.
You hit the bat.
The bat is heavily wounded.
The bat completely misses you.
You hit the bat.
You kill the bat!
The giant cockroach closely misses you.
You barely miss the giant cockroach.
You bite the giant cockroach, but do no damage.
The giant cockroach barely misses you.
The gnoll hits you from afar with a +0 spear.
You closely miss the giant cockroach. Your bite misses the giant cockroach.
The giant cockroach bites you. The gnoll hits you but does no damage.
The giant cockroach barely misses you.
Casting: Sandblast (safe; 6% risk of failure)
Confirm with . or Enter, or press ? or * to list all spells.
Aiming: Sandblast (safe; 6% risk of failure)
Press: ? - help, Shift-Dir - straight line, f - giant cockroach
Aim: a giant cockroach (clinging)
The blast of sand misses the giant cockroach.
b - 21 stones The giant cockroach bites you.
The gnoll hits you from afar with a +0 spear.
* * * LOW HITPOINT WARNING * * *
The giant cockroach bites you but does no damage.
The giant cockroach bites you but does no damage.
There is a stone staircase leading up here.
The giant cockroach barely misses you.
The gnoll hits you from afar with a +0 spear.
* * * LOW HITPOINT WARNING * * *
You climb upwards.
There is a stone staircase leading down here.
You hit the giant cockroach but do no damage.
The giant cockroach bites you.
* * * LOW HITPOINT WARNING * * *
You hit the giant cockroach.
You kill the giant cockroach!
There is a stone staircase leading down here.
You climb downwards. 3 jackals come into view.
The jackal barks! x2; You hear a shout!
The jackal completely misses you. x2; The jackal bites you.
The jackal barely misses you.
There is a stone staircase leading up here.
The jackal barely misses you.
A gnoll comes into view. It is wielding a +0 spear.
The jackal closely misses you. The gnoll misses you.
An adder comes into view.
The gnoll hits you with a +0 spear!
You die...

#.# #.#
###.########
#.#
......†..[.##
#.#
###.#####....
#.# .# #..##
#h# #S# #..#
#.# #.# #..#
#<###g# #..#
#.hh@#
####..##
#####.#
#....g.. #.#
###.##..##
#.# .......<#
.# .##.###...
# # ####


You could see a gnoll, an adder (wandering) and 2 jackals.

Vanquished Creatures
  An adder (D:2)
  A dart slug (D:1)
  A leopard gecko (D:1)
  A bat (D:2)
  A giant cockroach (D:1)
  A hobgoblin (D:1)
  3 kobolds (D:1)
  A rat (D:1)
10 creatures vanquished.

Notes
Turn   | Place    | Note
-------+----------+-------------------------------------------
     0 | D:1      | EnegeticOcto the Vine Stalker Earth Elementalist began the
                  | quest for the Orb.
     0 | D:1      | Reached XP level 1. HP: 9/9 MP: 4/4
    20 | D:1      | Reached skill level 1 in Fighting
   208 | D:1      | Reached XP level 2. HP: 14/14 MP: 4/6
   421 | D:2      | Mangled by a gnoll

Levels and vault maps discovered:
D:1:      dpeg_arrival_radiant, layout_loops_ring
D:2:      layout_loops_ring

Skill      XL: |  1  2 |
---------------+-------+-----
Fighting       | 1 2 |  2.2
Dodging        | |  1.5
Stealth        | |  2.4
Spellcasting   | |  2.1
Transmutations | |  1.0
Earth Magic    | |  3.0

Action                   || total
-------------------------++-------
Melee: Unarmed           ||    14
       Bite              ||     5
       Short sword       ||     8
 Cast: Sandblast         ||    13
Armor: Robe              ||     7
Dodge: Dodged            ||    25
